 Dungeon Crawl Stone Soup version 0.32-a0-41-gec2d92a32c (webtiles) character file.

Game seed: 8629657231584563699

261 Dittersdorf the Trooper (level 6, -1/39 HPs)
             Began as a Gargoyle Fighter on Jan 25, 2024.
             Killed from afar by Ijyb (3 damage)
             ... with a bolt of dispelling energy
             ... on level 4 of the Dungeon.
             The game lasted 00:04:14 (2926 turns).

Dittersdorf the Trooper (Gargoyle Fighter)          Turns: 2926, Time: 00:04:15

Health: -1/39      AC: 14    Str: 21    XL:     6   Next: 18%
Magic:  6/6        EV:  8    Int:  9    God:
Gold:   195        SH:  4    Dex:  9    Spells: 5/5 levels left

rFire   + . .        a - +0 flail
rCold   + . .        c - +0 buckler
rNeg    + . .        r - +0 chain mail
rPois   ∞            (no helmet)
rElec   +            m - scarf {rC+ rF+}
rCorr   .            (no gloves)
SInv    .            (no boots)
Will    .....        (no amulet) Stlth
                     i - ring of wizardry
HPRegen 0.26/turn    (no ring)
MPRegen 0.10/turn

%: wizardry (x1)
@: no status effects
A: sickness immunity, AC +4, negative energy resistance 1, electricity
resistance, torment resistance 1, petrification resistance
a: no special abilities


You were on level 4 of the Dungeon.
You visited 1 branch of the dungeon, and saw 4 of its levels.

You collected 195 gold pieces.

Inventory:

Hand Weapons
 a - a +0 flail (weapon)
Armour
 b - a +0 plate armour
 c - a +0 buckler (worn)
 m - a scarf of resistance (worn)
 r - a +0 chain mail (worn)
 s - a scarf of repulsion
Jewellery
 i - a ring of wizardry (left hand)
Scrolls
 e - a scroll of noise {unknown}
 h - 3 scrolls of teleportation {unknown}
 k - a scroll of vulnerability {unknown}
 n - a scroll of poison {unknown}
 o - 2 scrolls of identify {unknown}
 p - a scroll of immolation {unknown}
 u - a scroll of enchant armour {unknown}
Potions
 d - a potion of might
 l - a potion of resistance {unknown}
 q - a potion of cancellation {unknown}
 t - a potion of heal wounds {unknown}


   Skills:
 + Level 4.6 Fighting
 + Level 3.5 Maces & Flails
 + Level 4.6 Armour
 + Level 4.6 Shields


You had 5 spell levels left.
You didn't know any spells.
Your spell library contained the following spells:

 Spells                   Type           Power      Damage    Failure   Level
 Apportation              Tloc           0%         N/A       75%         1
 Necrotise                Necr           0%         1d4       75%         1
 Sting                    Conj/Alch      0%         1d3       75%         1
 Summon Small Mammal      Summ           0%         N/A       75%         1
 Gell's Gravitas          Tloc           0%         N/A       98%         3
 Teleport Other           Tloc           0%         N/A       98%         3
 Olgreb's Toxic Radiance  Alch           0%         N/A       100%        4
 Summon Forest            Summ/Tloc      0%         N/A       100%        5
 Dispersal                Tloc           0%         N/A       100%        6
 Eringya's Noxious Bog    Alch           0%         4d6       100%        6
 Ozocubu's Refrigeration  Ice            0%         4d7       100%        7
 Summon Hydra             Summ           0%         N/A       100%        7
 Discord                  Hex            0%         N/A       100%        8


Dungeon Overview and Level Annotations

Branches:
Dungeon (4/15)
 Temple: D:4-7

Altars:
Hepliaklqana
Nemelex Xobeh

Annotations:
D:4 Ijyb


Innate Abilities, Weirdness & Mutations

You are immune to sickness and miasma.
Your stone body is resilient. (AC +4)
You are immune to poison.
You resist negative energy. (rN+)
You are resistant to electric shocks. (rElec)
You are resistant to unholy torment.
You are immune to petrification.


Message History

Ijyb hits you but does no damage.
You barely miss Ijyb.
Ijyb is heavily wounded.
Ijyb hits you with a +0 club.
You closely miss Ijyb.
Ijyb is heavily wounded.
You block Ijyb's attack.
You hit Ijyb.
Ijyb is heavily wounded.
Ijyb hits you but does no damage. x2; The ribbon worm bites you.
You hit Ijyb.
Ijyb is severely wounded.
Ijyb zaps a wand.
The bolt of dispelling energy misses you.
The ribbon worm bites you but does no damage.
You miss Ijyb.
Ijyb is severely wounded.
Ijyb zaps a wand.
The bolt of dispelling energy hits you!
* * * LOW HITPOINT WARNING * * *
The ribbon worm bites you but does no damage.
You barely miss Ijyb.
Ijyb is severely wounded.
Ijyb hits you with a +0 club.
* * * LOW HITPOINT WARNING * * *
The ribbon worm closely misses you. Ijyb barely misses you.
You closely miss Ijyb.
Ijyb is severely wounded.
Ijyb zaps a wand.
The bolt of dispelling energy hits you.
* * * LOW HITPOINT WARNING * * *
The ribbon worm bites you but does no damage.
You closely miss Ijyb.
Ijyb is severely wounded.
Ijyb barely misses you.
The ribbon worm expels a string of sticky webbing.
The stream of webbing hits you but does no damage.
You are caught in a web!
The web tears apart.
Ijyb closely misses you. The ribbon worm barely misses you.
Ijyb zaps a wand.
The bolt of dispelling energy hits you.
You die...

... #. .#...$....... .
......^...#.#
#.#......#.$#.#
.............#
#.........#.#
#...........###+####+##
#...........g.........#
#....<......w.@..†....#
#.....................#
#.#.#............<†...#
.............#.#+#.....#
. #.# ##......#.#
#.....# ... ####.#.#.#
#.....# .## .......#
.......# .. ....#
#.####.# ... #.# ...


You could see Ijyb and a ribbon worm.

Vanquished Creatures
  A bullfrog (D:3)
  A scorpion (D:4)
  An orc priest (D:3)
  An orc wizard (D:3)
  A gnoll (D:1)
  An adder (D:2)
  2 ribbon worms
  A dart slug (D:1)
  2 orcs (D:3)
  9 endoplasms
  3 giant cockroaches (D:1)
  6 goblins
  6 hobgoblins
  4 jackals (D:2)
  6 kobolds
  7 ball pythons
  6 bats
  5 frilled lizards
  3 rats (D:1)
66 creatures vanquished.

Notes
Turn   | Place    | Note
-------+----------+-------------------------------------------
     0 | D:1      | Dittersdorf the Gargoyle Fighter began the quest for the
                  | Orb.
     0 | D:1      | Reached XP level 1. HP: 14/14 MP: 1/1
    43 | D:1      | Reached XP level 2. HP: 19/19 MP: 2/2
   282 | D:1      | Reached XP level 3. HP: 19/23 MP: 3/3
   892 | D:2      | Reached XP level 4. HP: 29/29 MP: 4/4
  1998 | D:3      | Noticed a bullfrog
  2021 | D:3      | Killed a bullfrog
  2022 | D:3      | Reached XP level 5. HP: 14/33 MP: 5/5
  2266 | D:3      | Found a faded altar of an unknown god.
  2460 | D:3      | Found a sparkling altar of Nemelex Xobeh.
  2463 | D:3      | Found a hazy altar of Hepliaklqana.
  2765 | D:4      | Noticed Ijyb
  2892 | D:4      | Reached XP level 6. HP: 38/39 MP: 6/6
  2923 | D:4      | HP: 1/39 [Ijyb/bolt of dispelling energy (4)]
  2926 | D:4      | Killed from afar by Ijyb

Illustrated notes

Levels and vault maps discovered:
D:1:      minmay_arrival_radiant_lines, layout_loops_ring,
          minmay_misc_feat_alley, nrook_mini_vaults
D:2:      layout_basic, kennysheep_big_empty_room
D:3:      layout_loops_ring, nicolae_overflow_squiral, basic_ecumenical_altar
D:4:      layout_basic, uniq_ijyb, uniq_grinder

Skill      XL: |  1  2  3  4 |
---------------+-------------+-----
Shields        | 4 |  4.6
Fighting       | 4 |  4.6
Maces & Flails | 3 |  3.5
Armour         | 4 |  4.6

Action                     |  1- 3 |  4- 6 || total
---------------------------+-------+-------++-------
  Melee: Flail             |    88 |   149 ||   237
    Use: Potion            |       |     3 ||     3
 Armour: Scale mail        |    57 |    37 ||    94
         Chain mail        |       |    86 ||    86
         Skin              |       |    16 ||    16
  Dodge: Dodged            |    35 |    67 ||   102
  Block: Buckler           |    24 |    31 ||    55

Table legend: (Time is in decaauts)
 A = Elapsed time spent in this place.
 B = Non-inter-level travel time spent in this place.
 C = Inter-level travel time spent in this place.
 D = Time resting spent in this place.
 E = Time spent auto-exploring this place.
 F = Levels seen in this place.
 G = Mean time per level.
                   A        B        C        D        E       F      G
               +--------+--------+--------+--------+--------+-----+--------+
         Total |   2995 |   2808 |    187 |    175 |   2032 |   4 |  748.8 |
       Dungeon |   2995 |   2808 |    187 |    175 |   2032 |   4 |  748.8 |
               +--------+--------+--------+--------+--------+-----+--------+

Top non-repeatable levels by time:
     D:3: 1139 daAuts
     D:2: 969 daAuts
     D:1: 827 daAuts
     D:4: 59 daAuts
